 Dungeon Crawl Stone Soup version 0.18-a0-1211-g828307d (webtiles) character file.

182 krabocopter the Cudgeler (level 5, 0/38 HPs)
             Began as a Demonspawn Gladiator on Feb 2, 2016.
             Slain by a gnoll
             ... wielding a +0 spear
              (9 damage)
             ... on level 3 of the Dungeon.
             The game lasted 00:08:48 (2103 turns).

krabocopter the Cudgeler (Demonspawn Gladiator)     Turns: 2103, Time: 00:08:49

Health: 0/38       AC:  5    Str: 15    XL:     5   Next: 34%
Magic:  5/5        EV: 12    Int: 11    God:
Gold:   191        SH:  0    Dex: 13    Spells: 0 memorised, 4 levels left

rFire  x . .     SeeInvis .     o - +5 whip (elec)
rCold  + . .     Gourm    .     b - +0 leather armour
rNeg   . . .     Faith    .     (no shield)
rPois  .         Spirit   .     k - +0 helmet
rElec  .         Dismiss  .     a - +0 cloak
rCorr  .         Reflect  .     (no gloves)
SustAt .         Harm     .     (no boots)
MR     .....                    (no amulet)
Stlth  +.........               (no ring)
                                u - ring of ice

@: not resistant to hostile enchantments, very unstealthy
A: talons 1, powered by pain 1
a: no special abilities


You were on level 3 of the Dungeon.
You were not hungry.

You visited 1 branch of the dungeon, and saw 3 of its levels.

You collected 191 gold pieces.

Inventory:

Hand Weapons
 o - a +5 whip of electrocution (weapon)
 t - a +0 short sword of venom
 C - a cursed -1 hand axe
Missiles
 d - 3 throwing nets (quivered)
Armour
 a - a +0 cloak (worn)
 b - a +0 leather armour (worn)
 k - a +0 helmet (worn)
 r - a +2 shield
Magical Staves
 w - an uncursed staff of wizardry
Jewellery
 u - a ring of ice (left hand)
Scrolls
 c - 4 scrolls of identify
 e - 2 scrolls of remove curse
 h - a scroll of immolation {unknown}
 j - a scroll of enchant weapon {unknown}
 l - a scroll of noise {unknown}
 m - a scroll of recharging {unknown}
 n - a scroll of blinking {unknown}
 s - a scroll of magic mapping {unknown}
 v - a scroll of random uselessness {unknown}
 z - a scroll of teleportation {unknown}
Potions
 p - a potion of heal wounds {unknown}
 x - a potion of curing {unknown}
 B - a potion of lignification {unknown}
Books
 y - a book of Enchantments

   Spells                             Type                      Level
   a - Cause Fear                     Hexes                        4
   b - Yara's Violent Unravelling     Hexes/Transmutation          5
   c - Silence                        Hexes/Air                    5
   d - Deflect Missiles               Charms/Air                   6
   e - Haste                          Charms                       6
   f - Discord                        Hexes                        8
Comestibles
 f - 4 bread rations
 g - 2 meat rations
 i - a beef jerky
 q - 2 fruits
 A - 10 chunks of flesh


   Skills:
 - Level 2.0 Fighting
 - Level 3.2(4.3) Axes
 + Level 4.2(4.8) Maces & Flails
 - Level 1.7 Throwing
 - Level 2.6 Dodging


You had 4 spell levels left.
You didn't know any spells.

Dungeon Overview and Level Annotations

Branches:
Dungeon (3/15)

Altars:
Trog


Innate Abilities, Weirdness & Mutations

You have sharp toenails.
You sometimes gain a little power by taking damage.


Message History

You hear a bark!
A gnoll comes into view. It is wielding a spear.
You barely miss the gnoll. The gnoll hits you with a spear.
* * * LOW HITPOINT WARNING * * *
The gnoll hits you from afar with a spear.
* * * LOW HITPOINT WARNING * * *
You hit the gnoll.
There is a sudden explosion of sparks!
You kill the gnoll!
The gnoll barely misses you.
The jackal barks!
The jackal bites you but does no damage.
The jackal misses you.
You see here a gnoll skeleton.
You hit the jackal but do no damage. The jackal misses you.
The jackal barely misses you.
Some of the chunks of flesh in your inventory have rotted away.
You hit the jackal.
There is a sudden explosion of sparks!
You kill the jackal!
The gnoll hits you from afar with a spear!
You die...

###'' #[≈ .g.. #.≈ ..h #.≈ ##''##
#.≈ #....###.≈ ####..... #.≈
...'...g#+###
###########################)#...#
................@.g.......).#gg.#
≈≈≈≈≈≈≈≈≈≈≈≈≈≈≈≈≈≈)≈≈≈≈≈≈≈≈≈#####
≈≈≈≈≈≈≈≈≈≈≈≈≈≈≈≈≈≈≈≈≈≈≈≈≈≈≈≈≈≈≈≈≈
≈≈≈≈≈≈≈≈≈≈≈≈≈≈≈≈≈≈†≈≈≈≈≈≈≈≈≈≈≈≈≈≈
.....).P..........†.....P........
.....P............).............P
#################################


You could see a gnoll.

Vanquished Creatures
  A gnoll shaman (D:3)
  4 adders
  5 gnolls (D:3)
  2 worms
  5 giant cockroaches
  6 goblins
  5 hobgoblins
  15 jackals (D:3)
  A quokka (D:3)
  6 bats
  4 giant newts
  7 kobolds
  3 rats (D:1)
64 creatures vanquished.

Notes
Turn   | Place    | Note
--------------------------------------------------------------
     0 | D:1      | krabocopter the Demonspawn Gladiator began the quest for the Orb.
     0 | D:1      | Reached XP level 1. HP: 16/16 MP: 1/1
   236 | D:1      | Reached skill level 3 in Axes
   465 | D:1      | Gained mutation: You have sharp toenails. [demonic ancestry]
   465 | D:1      | Reached XP level 2. HP: 16/22 MP: 2/2
  1042 | D:2      | Reached skill level 1 in Maces & Flails
  1189 | D:2      | Reached XP level 3. HP: 25/27 MP: 3/3
  1726 | D:3      | Found a bloodstained altar of Trog.
  1740 | D:3      | Gained mutation: You sometimes gain a little power by taking damage. [demonic ancestry]
  1740 | D:3      | Reached XP level 4. HP: 30/33 MP: 4/4
  2058 | D:3      | Reached XP level 5. HP: 26/38 MP: 5/5
  2066 | D:3      | Reached skill level 4 in Maces & Flails
  2103 | D:3      | Slain by a gnoll

Vault maps used:
D:1:      roderic_chinese_lattice_arrival
D:2:      wad_pebble_path, serial_glass, glass_columns_b, glass_columns_a,
          item_on_display_a, minmay_strange_pillars
D:3:      lemuel_castle_with_subvaults, trog_hazing_becter, uniq_sigmund

Action                   |  1- 3 |  4- 6 || total
-------------------------+-------+-------++-------
Melee: War axe           |    31 |       ||    31
       Whip              |    78 |    74 ||   152
  Use: Scroll            |     2 |       ||     2
  Eat: Chunk             |     3 |     1 ||     4
